Kraken vs Predators

Created - 31 décembre 2020 at 09:43

Goals
1 2 3 OT1 T
Kraken 1 0 1 0 2
Predators 1 1 0 1 3
Shots
1 2 3 OT1 T
Kraken 11 19 11 1 42
Predators 14 10 14 1 39

1st period

1. Predators , Aleksander Barkov 8 (Kevin Connauton 4, Brayden Point 7) at 6:26
2. Kraken , Dominik Kahun 6 (Jared Spurgeon 6) at 9:52

Penalties :
Alexander Kerfoot (SEA) for Tripping (Minor) at 2:11

2nd period

3. Predators , Anthony Duclair 7 (William Nylander 5, Carl Soderberg 6) at 15:10

Penalties :
No Penalty

3rd period

4. Kraken , Sam Steel 2 (Jonathon Merrill 1, Jimmy Vesey 2) at 11:07

Penalties :
Matt Irwin (SEA) for Hooking (Minor) at 11:47, Adam Gaudette (SEA) for Hooking (Minor) at 19:29

Overtime #1

5. Predators , William Nylander 5 (Anthony Duclair 11, Troy Grosenick) at 0:40 (PP)

Penalties :
No Penalty

Goalie Stats

Sergei Bobrovsky (SEA), 36 saves from 39 shots - (0,923), OTL, 6-8-3, 60:40 minutes
Troy Grosenick (NSH), 40 saves from 42 shots - (0,952), W, 2-5-1, 60:40 minutes

Players Stats for Kraken

Player Name              G  A  P  +/- PIM S  H  SB GA TA FO     MP     PP MP  PK MP  
------------------------------------------------------------------------------------
Adam Gaudette            0  0  0   0  2   1  0  0  1  1  0/0    15:19   0:00   0:14 
Alex DeBrincat           0  0  0   0  0   2  1  1  1  1  0/1    16:26   0:00   0:07 
Alexander Kerfoot        0  0  0   0  2   0  0  1  0  0  9/15   14:26   0:00   0:14 
Andrew Mangiapane        0  0  0   0  0   0  0  0  0  0  1/2    16:12   0:00   0:00 
Calvin de Haan           0  0  0   0  0   3  4  0  2  2  0/0    21:21   0:00   2:32 
Chad Ruhwedel            0  0  0   1  0   2  0  0  0  1  0/0    16:38   0:00   0:00 
Conor Garland            0  0  0   0  0   4  2  0  0  0  0/1    14:04   0:00   0:00 
Dominik Kahun            1  0  1   0  0   2  0  0  0  0  0/0    14:38   0:00   0:00 
Jared Spurgeon           0  1  1  -1  0   2  3  0  1  3  0/0    23:21   0:00   3:16 
Jeff Skinner             0  0  0   0  0   6  0  1  1  0  1/2    14:04   0:00   0:00 
Jimmy Vesey              0  1  1   0  0   5  1  0  0  1  1/1    12:47   0:00   2:18 
Jonathon Merrill         0  1  1   1  0   1  0  1  1  0  0/0    19:14   0:00   2:36 
Jordan Staal             0  0  0   0  0   1  1  0  1  2  8/16   18:28   0:00   2:16 
Josh Anderson            0  0  0   0  0   2  4  0  2  0  0/1    12:38   0:00   2:09 
Matt Irwin               0  0  0   0  2   1  0  1  0  0  0/0    18:57   0:00   0:00 
Michal Kempny            0  0  0  -1  0   1  1  2  0  3  0/0    21:50   0:00   1:52 
Roope Hintz              0  0  0   0  0   4  0  0  2  0  1/10   14:38   0:00   0:00 
Sam Steel                1  0  1   0  0   5  1  0  1  0  3/9    12:28   0:00   2:18 

Players Stats for Predators

Player Name              G  A  P  +/- PIM S  H  SB GA TA FO     MP     PP MP  PK MP  
------------------------------------------------------------------------------------
Aleksander Barkov        1  0  1   0  0   5  2  0  4  1  14/17  18:30   2:20   0:00 
Anthony Duclair          1  1  2   0  0   4  0  0  0  0  1/1    15:35   2:08   0:00 
Brayden Point            0  1  1   0  0   4  0  0  3  1  0/0    18:30   2:20   0:00 
Brendan Lemieux          0  0  0   0  0   2  1  1  0  0  0/0    13:59   0:00   0:00 
Carl Soderberg           0  1  1   0  0   3  1  0  0  0  13/20  15:21   2:08   0:00 
Colin Wilson             0  0  0   0  0   3  1  0  3  0  0/0    12:36   0:00   0:00 
Jaccob Slavin            0  0  0  -1  0   2  0  1  0  0  0/0    22:36   2:12   0:00 
Jay Bouwmeester          0  0  0   0  0   1  1  3  0  1  0/0    22:30   2:16   0:00 
Jordan Weal              0  0  0   0  0   3  1  0  0  1  1/4    12:36   0:00   0:00 
Kevin Connauton          0  1  1   1  0   1  0  0  0  0  0/0    15:34   0:00   0:00 
Mark Jankowski           0  0  0   0  0   0  0  1  1  1  4/12   13:59   0:00   0:00 
Matthew Nieto            0  0  0   0  0   1  0  0  0  1  0/0    13:59   0:00   0:00 
Patrick Marleau          0  0  0   0  0   0  1  0  0  1  0/1    18:04   2:20   0:00 
Robert Bortuzzo          0  0  0   1  0   1  0  0  0  0  0/0    15:34   0:00   0:00 
Samuel Girard            0  0  0  -1  0   3  1  0  0  0  0/0    22:36   2:12   0:00 
Sven Baertschi           0  0  0   0  0   3  0  0  1  0  0/1    12:36   0:00   0:00 
Vladislav Gavrikov       0  0  0   0  0   2  1  4  0  6  0/0    22:30   2:16   0:00 
William Nylander         1  1  2   0  0   1  3  0  2  0  1/2    15:35   2:08   0:00 

3 Stars

1 - Troy Grosenick (NSH)
2 - William Nylander (NSH)
3 - Anthony Duclair (NSH)

Power Play

Kraken - 0 on 0 Attempt(s) - 0,00%
Predators - 1 on 3 Attempt(s) - 33,33%

Penalty Kill

Kraken - 2 on 3 Attempt(s) - 66,67% - Score 0 goal in Penalty Kill
Predators - 0 on 0 Attempt(s) - 0,00% - Score 0 goal in Penalty Kill

Team Stat

Kraken - Hits : 18 - Faceoff Wins : 24 - Blocked Shots : 7 - Penalty Minutes : 6
Predators - Hits : 13 - Faceoff Wins : 34 - Blocked Shots : 10 - Penalty Minutes : 0

Official

Referees : Mitch Dunning and Mike Duco
Linesman : Shandor Alphonso and Scott Driscoll

Game Notes

6:26 of 1st period - Predators goal is going for a video replay. After video review, Goal.

Finance

Level 1 -- Attendance: 5143 (85,72%) -- Ticket Income 488 585 $
Level 2 -- Attendance: 3693 (73,86%) -- Ticket Income 240 045 $
Level 3 -- Attendance: 1583 (79,15%) -- Ticket Income 63 320 $
Level 4 -- Attendance: 3524 (88,10%) -- Ticket Income 77 528 $
Luxury Box -- Attendance: 897 (89,70%) -- Ticket Income 156 975 $
Game was played at the Bridgestone arena.
Total Attendance: 14840 (82,44%)
Total Ticket Income: 1 026 453 $
Other Income: 502 962 $
Total Income: 1 529 415 $

Kraken

5 vs 5 Forward 
   Center                   Left Wing                Right Wing               Time % Phy DF OF 
 1 Jordan Staal             Alex DeBrincat           Andrew Mangiapane        30     0   1  4  
 2 Roope Hintz              Adam Gaudette            Dominik Kahun            30     0   1  4  
 3 Alexander Kerfoot        Jeff Skinner             Conor Garland            26     0   2  3  
 4 Sam Steel                Jimmy Vesey              Josh Anderson            14     0   2  3  

5 vs 5 Defense 
   Defense                  Defense                                           Time % Phy DF OF 
 1 Jared Spurgeon           Michal Kempny                                     33     0   4  1  
 2 Calvin de Haan           Matt Irwin                                        33     0   4  1  
 3 Jonathon Merrill         Chad Ruhwedel                                     30     1   4  0  
 4 Jared Spurgeon           Michal Kempny                                     4      1   2  2  

PowerPlay Forward 
   Center                   Left Wing                Right Wing               Time % Phy DF OF 
 1 Roope Hintz              Alex DeBrincat           Josh Anderson            50     0   0  5  
 2 Jordan Staal             Conor Garland            Adam Gaudette            50     0   0  5  

PowerPlay Defense
   Defense                  Defense                                           Time % Phy DF OF 
 1 Jared Spurgeon           Calvin de Haan                                    50     0   1  4  
 2 Michal Kempny            Chad Ruhwedel                                     50     0   1  4  

Penalty Kill 4 Players Forward 
   Center                   Wing                     Time % Phy DF OF 
 1 Jordan Staal             Josh Anderson            50     1   4  0  
 2 Sam Steel                Jimmy Vesey              50     1   4  0  

Penalty Kill 4 Players Defense
   Defense                  Defense                  Time % Phy DF OF 
 1 Jared Spurgeon           Jonathon Merrill         50     1   4  0  
 2 Calvin de Haan           Michal Kempny            50     1   4  0  

Penalty Kill - 3 Players Forward 
   Forward                                           Time % Phy DF OF 
 1 Jordan Staal                                      50     1   4  0  
 2 Josh Anderson                                     50     1   4  0  

Penalty Kill - 3 Players Defense
   Defense                  Defense                  Time % Phy DF OF 
 1 Jared Spurgeon           Calvin de Haan           50     1   4  0  
 2 Matt Irwin               Michal Kempny            50     1   4  0  

4 vs 4 Forward 
   Center                   Wing                     Time % Phy DF OF 
 1 Adam Gaudette            Alex DeBrincat           50     0   2  3  
 2 Roope Hintz              Jordan Staal             50     0   2  3  

4 vs 4 Defense
   Defense                  Defense                  Time % Phy DF OF 
 1 Jared Spurgeon           Calvin de Haan           50     0   4  1  
 2 Matt Irwin               Michal Kempny            50     0   4  1  

Last Minutes Offensive
   Center                   Left Wing                Right Wing               Defense                  Defense                  
   Jordan Staal             Alex DeBrincat           Roope Hintz              Jared Spurgeon           Jonathon Merrill         

Last Minutes Defensive
   Center                   Left Wing                Right Wing               Defense                  Defense                  
   Jordan Staal             Alex DeBrincat           Roope Hintz              Jared Spurgeon           Jonathon Merrill         

Goaltenders
Starting : Sergei Bobrovsky         
Backup : Pavel Francouz           

Extra Forwards
Normal : Josh Anderson, Jordan Staal, Jimmy Vesey - PP : Josh Anderson, Alex DeBrincat - PK : Jimmy Vesey
Extra Defensemen
Normal : Michal Kempny, Matt Irwin, Jared Spurgeon - PP : Michal Kempny - PK : Michal Kempny, Jared Spurgeon
Penalty Shots
Jordan Staal, Alex DeBrincat, Roope Hintz, Jeff Skinner, Conor Garland
Custom OT Lines Forwards
Jordan Staal, Alex DeBrincat, Roope Hintz, Jeff Skinner, Conor Garland, Alexander Kerfoot, Josh Anderson, Adam Gaudette, Jimmy Vesey, Dominik Kahun
Custom OT Lines Defensemen
Jared Spurgeon, Jonathon Merrill, Chad Ruhwedel, Matt Irwin, Michal Kempny

Scratches
Casey Mittelstadt (Healthy), Jack Johnson (Healthy), Luca Sbisa (Torn Left MCL Injury)

Predators

5 vs 5 Forward 
   Center                   Left Wing                Right Wing               Time % Phy DF OF 
 1 Aleksander Barkov        Patrick Marleau          Brayden Point            33     0   1  4  
 2 Carl Soderberg           Anthony Duclair          William Nylander         28     0   1  4  
 3 Mark Jankowski           Matthew Nieto            Brendan Lemieux          25     0   3  2  
 4 Jordan Weal              Sven Baertschi           Colin Wilson             14     0   4  1  

5 vs 5 Defense 
   Defense                  Defense                                           Time % Phy DF OF 
 1 Vladislav Gavrikov       Jay Bouwmeester                                   37     1   2  2  
 2 Jaccob Slavin            Samuel Girard                                     36     1   2  2  
 3 Kevin Connauton          Robert Bortuzzo                                   27     1   4  0  
 4 Vladislav Gavrikov       Jay Bouwmeester                                   0      1   2  2  

PowerPlay Forward 
   Center                   Left Wing                Right Wing               Time % Phy DF OF 
 1 Carl Soderberg           Anthony Duclair          William Nylander         50     0   0  5  
 2 Aleksander Barkov        Patrick Marleau          Brayden Point            50     0   0  5  

PowerPlay Defense
   Defense                  Defense                                           Time % Phy DF OF 
 1 Jaccob Slavin            Samuel Girard                                     55     0   1  4  
 2 Vladislav Gavrikov       Jay Bouwmeester                                   45     0   1  4  

Penalty Kill 4 Players Forward 
   Center                   Wing                     Time % Phy DF OF 
 1 Carl Soderberg           Matthew Nieto            60     1   4  0  
 2 Mark Jankowski           Brendan Lemieux          40     1   4  0  

Penalty Kill 4 Players Defense
   Defense                  Defense                  Time % Phy DF OF 
 1 Vladislav Gavrikov       Jay Bouwmeester          55     1   4  0  
 2 Jaccob Slavin            Samuel Girard            45     1   4  0  

Penalty Kill - 3 Players Forward 
   Forward                                           Time % Phy DF OF 
 1 Carl Soderberg                                    55     0   5  0  
 2 Mark Jankowski                                    45     0   5  0  

Penalty Kill - 3 Players Defense
   Defense                  Defense                  Time % Phy DF OF 
 1 Vladislav Gavrikov       Jay Bouwmeester          60     1   4  0  
 2 Jaccob Slavin            Samuel Girard            40     1   4  0  

4 vs 4 Forward 
   Center                   Wing                     Time % Phy DF OF 
 1 Aleksander Barkov        Brayden Point            50     0   1  4  
 2 William Nylander         Anthony Duclair          50     0   1  4  

4 vs 4 Defense
   Defense                  Defense                  Time % Phy DF OF 
 1 Vladislav Gavrikov       Jay Bouwmeester          55     0   3  2  
 2 Jaccob Slavin            Samuel Girard            45     0   3  2  

Last Minutes Offensive
   Center                   Left Wing                Right Wing               Defense                  Defense                  
   Aleksander Barkov        William Nylander         Brayden Point            Jaccob Slavin            Samuel Girard            

Last Minutes Defensive
   Center                   Left Wing                Right Wing               Defense                  Defense                  
   Carl Soderberg           Matthew Nieto            Brendan Lemieux          Vladislav Gavrikov       Jay Bouwmeester          

Goaltenders
Starting : Troy Grosenick           
Backup : Connor Ingram            

Extra Forwards
Normal : Aleksander Barkov, Brayden Point, Brendan Lemieux - PP : Colin Wilson, Brendan Lemieux - PK : Carl Soderberg
Extra Defensemen
Normal : Jaccob Slavin, Vladislav Gavrikov, Robert Bortuzzo - PP : Robert Bortuzzo - PK : Jaccob Slavin, Samuel Girard
Penalty Shots
Aleksander Barkov, Brendan Lemieux, Jordan Weal, Anthony Duclair, Brayden Point
Custom OT Lines Forwards
Aleksander Barkov, Brayden Point, Carl Soderberg, Anthony Duclair, Matthew Nieto, Brendan Lemieux, Colin Wilson, William Nylander, Patrick Marleau, Sven Baertschi
Custom OT Lines Defensemen
Jaccob Slavin, Samuel Girard, Vladislav Gavrikov, Kevin Connauton, Robert Bortuzzo

Scratches
Austin Czarnik (Healthy)

% Time on Ice - Kraken

Lines # - Real PCT - Wanted PCT - Time Play
Normal Forward
1 - 30% - 30% - 16:38
2 - 26% - 30% - 14:40
3 - 25% - 26% - 14:04
4 - 18% - 14% - 10:10
Normal Defense
1 - 33% - 33% - 18:24
2 - 34% - 33% - 18:54
3 - 30% - 30% - 16:38
4 - 3% - 4% - 1:36
PP Forward
1 - 0% - 50%
2 - 0% - 50%
PP Defense
1 - 0% - 50%
2 - 0% - 50%
PK Forward
1 - 46% - 50% - 2:03
2 - 54% - 50% - 2:25
PK Defense
1 - 58% - 50% - 2:36
2 - 42% - 50% - 1:52
PK3 Forward
1 - 68% - 50% - 0:27
2 - 33% - 50% - 0:13
PK3 Defense
1 - 100% - 50% - 0:40
2 - 0% - 50% - 0:00
44 Forward
1 - 0% - 50%
2 - 0% - 50%
44 Defense
1 - 0% - 50%
2 - 0% - 50%
Last Minute Offensive  - 0:00
Last Minute Defensive  - 0:00
Total
Forward - 60:40
Defense - 60:40

% Time on Ice - Predators

Lines # - Real PCT - Wanted PCT - Time Play
Normal Forward
1 - 28% - 33% - 15:45
2 - 24% - 28% - 13:12
3 - 25% - 25% - 13:59
4 - 23% - 14% - 12:36
Normal Defense
1 - 34% - 37% - 19:02
2 - 38% - 36% - 20:56
3 - 28% - 27% - 15:34
4 - 0% - 0% - 0:00
PP Forward
1 - 48% - 50% - 2:08
2 - 52% - 50% - 2:20
PP Defense
1 - 49% - 55% - 2:12
2 - 51% - 45% - 2:16
PK Forward
1 - 0% - 60%
2 - 0% - 40%
PK Defense
1 - 0% - 55%
2 - 0% - 45%
PK3 Forward
1 - 0% - 55%
2 - 0% - 45%
PK3 Defense
1 - 0% - 60%
2 - 0% - 40%
44 Forward
1 - 65% - 50% - 0:26
2 - 35% - 50% - 0:14
44 Defense
1 - 100% - 55% - 0:40
2 - 0% - 45% - 0:00
Last Minute Offensive  - 0:00
Last Minute Defensive  - 0:00
Total
Forward - 60:40
Defense - 60:40

Play-by-Play

1st period


0:01 of 1st period - Aleksander Barkov wins face-off versus Jordan Staal in neutral zone.
0:43 of 1st period - Slapshot by Jaccob Slavin.
0:43 of 1st period - Stopped by Sergei Bobrovsky with a rebound.
1:38 of 1st period - Slapshot by Jimmy Vesey.
1:38 of 1st period - Stopped by Troy Grosenick with a rebound.
1:40 of 1st period - Slapshot by Matt Irwin.
1:40 of 1st period - Deflect By Sam Steel.
1:40 of 1st period - Shot Misses the Net.
1:40 of 1st period - Puck is out of play.
1:41 of 1st period - Carl Soderberg wins face-off versus Roope Hintz in Predators zone.
1:56 of 1st period - Wrist shot by Carl Soderberg.
1:56 of 1st period - Stopped by Sergei Bobrovsky without a rebound.
1:57 of 1st period - Alexander Kerfoot wins face-off versus Mark Jankowski in Kraken zone.
2:11 of 1st period - Minor Penalty to Alexander Kerfoot for Tripping.
2:12 of 1st period - Jordan Staal wins face-off versus Carl Soderberg in Kraken zone.
2:20 of 1st period - Jared Spurgeon is hit by William Nylander and loses puck.
4:10 of 1st period - Calvin de Haan is hit by William Nylander and loses puck.
4:11 of 1st period - Penalty to Alexander Kerfoot is over, Alexander Kerfoot is back on ice.
4:52 of 1st period - Snap shot by Roope Hintz.
4:52 of 1st period - Shot Misses the Net.
5:46 of 1st period - Wrist shot by Brayden Point.
5:46 of 1st period - Stopped by Sergei Bobrovsky without a rebound.
5:47 of 1st period - Sam Steel wins face-off versus Carl Soderberg in Kraken zone.
5:56 of 1st period - Vladislav Gavrikov is hit by Calvin de Haan and loses puck.
6:03 of 1st period - Snap shot by Jimmy Vesey.
6:03 of 1st period - Shot Blocked by Jay Bouwmeester.
6:13 of 1st period - Jared Spurgeon is hit by Aleksander Barkov and loses puck.
6:22 of 1st period - Snap shot by Brayden Point.
6:22 of 1st period - Stopped by Sergei Bobrovsky with a rebound.
6:26 of 1st period - Snap shot by Aleksander Barkov.
6:26 of 1st period - Predators goal is going for a video replay.
6:26 of 1st period - The goal is good.
6:26 of 1st period - Goal by Aleksander Barkov - Kraken : 0 - Predators : 1.
6:27 of 1st period - Aleksander Barkov wins face-off versus Jordan Staal in neutral zone.
6:36 of 1st period - Wrist shot by Aleksander Barkov.
6:36 of 1st period - Shot Blocked by Matt Irwin.
6:38 of 1st period - Slapshot by Jay Bouwmeester.
6:38 of 1st period - Shot Misses the Net.
6:40 of 1st period - Wrist shot by Vladislav Gavrikov.
6:40 of 1st period - Stopped by Sergei Bobrovsky with a rebound.
6:54 of 1st period - Dominik Kahun is hit by Vladislav Gavrikov and loses puck.
8:23 of 1st period - Robert Bortuzzo is hit by Jared Spurgeon and loses puck.
9:08 of 1st period - Matthew Nieto is hit by Josh Anderson.
9:17 of 1st period - Icing by Sam Steel.
9:18 of 1st period - Aleksander Barkov wins face-off versus Jordan Staal in Kraken zone.
9:29 of 1st period - Aleksander Barkov is hit by Jordan Staal and loses puck.
9:52 of 1st period - Wrist shot by Dominik Kahun.
9:52 of 1st period - Goal by Dominik Kahun - Kraken : 1 - Predators : 1.
9:53 of 1st period - Aleksander Barkov wins face-off versus Roope Hintz in neutral zone.
10:26 of 1st period - Backhand shot by Conor Garland.
10:26 of 1st period - Stopped by Troy Grosenick with a rebound.
10:28 of 1st period - Slapshot by Calvin de Haan.
10:28 of 1st period - Shot Misses the Net.
10:30 of 1st period - Slapshot by Calvin de Haan.
10:30 of 1st period - Deflect By Jeff Skinner.
10:30 of 1st period - Stopped by Troy Grosenick with a rebound.
10:32 of 1st period - Wrist shot by Matt Irwin.
10:32 of 1st period - Deflect By Jeff Skinner.
10:32 of 1st period - Stopped by Troy Grosenick with a rebound.
10:42 of 1st period - Vladislav Gavrikov is hit by Jimmy Vesey and loses puck.
11:12 of 1st period - Snap shot by Anthony Duclair.
11:12 of 1st period - Stopped by Sergei Bobrovsky without a rebound.
11:13 of 1st period - Carl Soderberg wins face-off versus Jordan Staal in Kraken zone.
11:52 of 1st period - Icing by Alexander Kerfoot.
11:53 of 1st period - Alexander Kerfoot wins face-off versus Mark Jankowski in Kraken zone.
12:44 of 1st period - Jaccob Slavin is hit by Josh Anderson and loses puck.
13:02 of 1st period - Icing by Samuel Girard.
13:03 of 1st period - Andrew Mangiapane wins face-off versus Sven Baertschi in Predators zone.
13:40 of 1st period - Wrist shot by Jordan Weal.
13:40 of 1st period - Stopped by Sergei Bobrovsky with a rebound.
13:42 of 1st period - Slapshot by Samuel Girard.
13:42 of 1st period - Stopped by Sergei Bobrovsky with a rebound.
13:44 of 1st period - Wrist shot by Sven Baertschi.
13:44 of 1st period - Shot Blocked by Alex DeBrincat.
14:18 of 1st period - Slapshot by Andrew Mangiapane.
14:18 of 1st period - Shot Misses the Net.
14:38 of 1st period - Snap shot by Samuel Girard.
14:38 of 1st period - Shot Blocked by Michal Kempny.
14:40 of 1st period - Snap shot by Jordan Weal.
14:40 of 1st period - Shot Misses the Net.
14:42 of 1st period - Wrist shot by Sven Baertschi.
14:42 of 1st period - Stopped by Sergei Bobrovsky with a rebound.
14:48 of 1st period - Snap shot by Colin Wilson.
14:48 of 1st period - Stopped by Sergei Bobrovsky with a rebound.
16:01 of 1st period - Slapshot by Jordan Weal.
16:01 of 1st period - Shot Misses the Net.
16:07 of 1st period - Wrist shot by Jordan Weal.
16:07 of 1st period - Stopped by Sergei Bobrovsky with a rebound.
16:19 of 1st period - Snap shot by Sven Baertschi.
16:19 of 1st period - Shot Misses the Net.
16:21 of 1st period - Snap shot by Jaccob Slavin.
16:21 of 1st period - Deflect By Jordan Staal.
16:21 of 1st period - Stopped by Sergei Bobrovsky without a rebound.
16:22 of 1st period - Aleksander Barkov wins face-off versus Roope Hintz in Kraken zone.
16:28 of 1st period - Icing by Jonathon Merrill.
16:29 of 1st period - Aleksander Barkov wins face-off versus Roope Hintz in Kraken zone.
18:20 of 1st period - Wrist shot by Roope Hintz.
18:20 of 1st period - Stopped by Troy Grosenick with a rebound.
18:22 of 1st period - Slapshot by Adam Gaudette.
18:22 of 1st period - Shot Blocked by Vladislav Gavrikov.
18:28 of 1st period - Snap shot by Adam Gaudette.
18:28 of 1st period - Shot Misses the Net.
18:30 of 1st period - Slapshot by Jonathon Merrill.
18:30 of 1st period - Shot Blocked by Vladislav Gavrikov.
18:32 of 1st period - Slapshot by Chad Ruhwedel.
18:32 of 1st period - Stopped by Troy Grosenick without a rebound.
18:33 of 1st period - Carl Soderberg wins face-off versus Jeff Skinner in Predators zone.
18:37 of 1st period - Off-side.
18:38 of 1st period - Carl Soderberg wins face-off versus Alexander Kerfoot in neutral zone.
18:43 of 1st period - Wrist shot by Alexander Kerfoot.
18:43 of 1st period - Shot Misses the Net.
18:45 of 1st period - Wrist shot by Jeff Skinner.
18:45 of 1st period - Stopped by Troy Grosenick with a rebound.
19:00 of 1st period - Icing by Robert Bortuzzo.
19:01 of 1st period - Jimmy Vesey wins face-off versus Carl Soderberg in Predators zone.
19:04 of 1st period - Wrist shot by Sam Steel.
19:04 of 1st period - Shot Misses the Net.
19:06 of 1st period - Slapshot by Matt Irwin.
19:06 of 1st period - Deflect By Carl Soderberg.
19:06 of 1st period - Stopped by Troy Grosenick with a rebound.
19:10 of 1st period - Wrist shot by Josh Anderson.
19:10 of 1st period - Stopped by Troy Grosenick without a rebound.
19:11 of 1st period - Sam Steel wins face-off versus Mark Jankowski in Predators zone.
19:23 of 1st period - Snap shot by Sam Steel.
19:23 of 1st period - Shot Misses the Net.
19:25 of 1st period - Slapshot by Matt Irwin.
19:25 of 1st period - Shot Misses the Net.
19:27 of 1st period - Snap shot by Josh Anderson.
19:27 of 1st period - Deflect By Jimmy Vesey.
19:27 of 1st period - Stopped by Troy Grosenick without a rebound.
19:28 of 1st period - Carl Soderberg wins face-off versus Alexander Kerfoot in Predators zone.
19:39 of 1st period - Snap shot by William Nylander.
19:39 of 1st period - Shot Misses the Net.
19:41 of 1st period - Snap shot by Carl Soderberg.
19:41 of 1st period - Stopped by Sergei Bobrovsky without a rebound.
19:42 of 1st period - Alexander Kerfoot wins face-off versus Mark Jankowski in Kraken zone.
Goals for this period are 1 for Kraken vs 1 for Predators.
Shots for this period are 11 for Kraken vs 14 for Predators.

2nd period


0:01 of 2nd period - Carl Soderberg wins face-off versus Alexander Kerfoot in neutral zone.
0:28 of 2nd period - Snap shot by Adam Gaudette.
0:28 of 2nd period - Shot Misses the Net.
0:38 of 2nd period - Snap shot by Roope Hintz.
0:38 of 2nd period - Stopped by Troy Grosenick with a rebound.
0:48 of 2nd period - Snap shot by Sam Steel.
0:48 of 2nd period - Shot Blocked by Jay Bouwmeester.
0:50 of 2nd period - Slapshot by Jimmy Vesey.
0:50 of 2nd period - Shot Blocked by Vladislav Gavrikov.
0:52 of 2nd period - Slapshot by Jared Spurgeon.
0:52 of 2nd period - Deflect By Aleksander Barkov.
0:52 of 2nd period - Stopped by Troy Grosenick with a rebound.
0:54 of 2nd period - Snap shot by Jimmy Vesey.
0:54 of 2nd period - Shot Blocked by Jay Bouwmeester.
0:56 of 2nd period - Slapshot by Michal Kempny.
0:56 of 2nd period - Stopped by Troy Grosenick without a rebound.
0:57 of 2nd period - Alexander Kerfoot wins face-off versus Carl Soderberg in Predators zone.
0:58 of 2nd period - Wrist shot by Jeff Skinner.
0:58 of 2nd period - Stopped by Troy Grosenick with a rebound.
1:00 of 2nd period - Slapshot by Chad Ruhwedel.
1:00 of 2nd period - Stopped by Troy Grosenick without a rebound.
1:01 of 2nd period - William Nylander wins face-off versus Alexander Kerfoot in Predators zone.
2:18 of 2nd period - Wrist shot by Jordan Weal.
2:18 of 2nd period - Stopped by Sergei Bobrovsky without a rebound.
2:19 of 2nd period - Sam Steel wins face-off versus Jordan Weal in Kraken zone.
2:42 of 2nd period - Wrist shot by Sam Steel.
2:42 of 2nd period - Deflect By Josh Anderson.
2:42 of 2nd period - Stopped by Troy Grosenick with a rebound.
2:44 of 2nd period - Snap shot by Josh Anderson.
2:44 of 2nd period - Shot Misses the Net.
2:46 of 2nd period - Slapshot by Calvin de Haan.
2:46 of 2nd period - Stopped by Troy Grosenick without a rebound.
2:47 of 2nd period - Alexander Kerfoot wins face-off versus Carl Soderberg in Predators zone.
2:52 of 2nd period - Wrist shot by Jeff Skinner.
2:52 of 2nd period - Deflect By Alexander Kerfoot.
2:52 of 2nd period - Shot Misses the Net.
2:52 of 2nd period - Puck is out of play.
2:53 of 2nd period - Carl Soderberg wins face-off versus Conor Garland in Predators zone.
3:05 of 2nd period - Wrist shot by Conor Garland.
3:05 of 2nd period - Stopped by Troy Grosenick without a rebound.
3:06 of 2nd period - Jeff Skinner wins face-off versus Mark Jankowski in Predators zone.
3:56 of 2nd period - Snap shot by Sam Steel.
3:56 of 2nd period - Stopped by Troy Grosenick with a rebound.
3:58 of 2nd period - Wrist shot by Jimmy Vesey.
3:58 of 2nd period - Stopped by Troy Grosenick with a rebound.
4:16 of 2nd period - Snap shot by Roope Hintz.
4:16 of 2nd period - Stopped by Troy Grosenick with a rebound.
5:32 of 2nd period - Off-side.
5:33 of 2nd period - Aleksander Barkov wins face-off versus Roope Hintz in neutral zone.
6:05 of 2nd period - Snap shot by Dominik Kahun.
6:05 of 2nd period - Shot Blocked by Jaccob Slavin.
6:31 of 2nd period - Slapshot by Brayden Point.
6:31 of 2nd period - Stopped by Sergei Bobrovsky with a rebound.
6:33 of 2nd period - Wrist shot by Samuel Girard.
6:33 of 2nd period - Stopped by Sergei Bobrovsky with a rebound.
6:35 of 2nd period - Slapshot by Aleksander Barkov.
6:35 of 2nd period - Shot Misses the Net.
6:37 of 2nd period - Snap shot by Aleksander Barkov.
6:37 of 2nd period - Stopped by Sergei Bobrovsky without a rebound.
6:38 of 2nd period - Alexander Kerfoot wins face-off versus Mark Jankowski in Kraken zone.
6:38 of 2nd period - Alexander Kerfoot is hit by Brendan Lemieux.
7:04 of 2nd period - Carl Soderberg is hit by Jared Spurgeon and loses puck.
9:07 of 2nd period - Snap shot by Anthony Duclair.
9:07 of 2nd period - Stopped by Sergei Bobrovsky without a rebound.
9:08 of 2nd period - Carl Soderberg wins face-off versus Sam Steel in Kraken zone.
9:09 of 2nd period - Snap shot by William Nylander.
9:09 of 2nd period - Shot Misses the Net.
9:15 of 2nd period - Jay Bouwmeester is hit by Josh Anderson and loses puck.
9:55 of 2nd period - Slapshot by Calvin de Haan.
9:55 of 2nd period - Stopped by Troy Grosenick without a rebound.
9:56 of 2nd period - Aleksander Barkov wins face-off versus Alexander Kerfoot in Predators zone.
10:21 of 2nd period - Andrew Mangiapane is hit by Colin Wilson and loses puck.
10:32 of 2nd period - Jordan Weal is hit by Alex DeBrincat and loses puck.
11:17 of 2nd period - Icing by Samuel Girard.
11:18 of 2nd period - Alexander Kerfoot wins face-off versus Jordan Weal in Predators zone.
11:23 of 2nd period - Slapshot by Jeff Skinner.
11:23 of 2nd period - Stopped by Troy Grosenick with a rebound.
11:25 of 2nd period - Wrist shot by Jeff Skinner.
11:25 of 2nd period - Stopped by Troy Grosenick with a rebound.
11:47 of 2nd period - Snap shot by Brayden Point.
11:47 of 2nd period - Stopped by Sergei Bobrovsky without a rebound.
11:48 of 2nd period - Roope Hintz wins face-off versus Aleksander Barkov in Kraken zone.
11:55 of 2nd period - Wrist shot by Brayden Point.
11:55 of 2nd period - Shot Misses the Net.
12:11 of 2nd period - Snap shot by Roope Hintz.
12:11 of 2nd period - Shot Misses the Net.
12:13 of 2nd period - Snap shot by Roope Hintz.
12:13 of 2nd period - Shot Misses the Net.
12:15 of 2nd period - Snap shot by Adam Gaudette.
12:15 of 2nd period - Stopped by Troy Grosenick without a rebound.
12:16 of 2nd period - Jordan Staal wins face-off versus Carl Soderberg in Predators zone.
12:21 of 2nd period - Slapshot by Andrew Mangiapane.
12:21 of 2nd period - Deflect By Alex DeBrincat.
12:21 of 2nd period - Stopped by Troy Grosenick with a rebound.
12:29 of 2nd period - Snap shot by Carl Soderberg.
12:29 of 2nd period - Shot Blocked by Jonathon Merrill.
12:31 of 2nd period - Slapshot by William Nylander.
12:31 of 2nd period - Shot Misses the Net.
13:24 of 2nd period - Off-side.
13:25 of 2nd period - Carl Soderberg wins face-off versus Roope Hintz in neutral zone.
13:30 of 2nd period - Adam Gaudette is hit by William Nylander and loses puck.
14:15 of 2nd period - Wrist shot by Mark Jankowski.
14:15 of 2nd period - Shot Misses the Net.
14:35 of 2nd period - Snap shot by Sam Steel.
14:35 of 2nd period - Stopped by Troy Grosenick without a rebound.
14:36 of 2nd period - Aleksander Barkov wins face-off versus Sam Steel in Predators zone.
14:36 of 2nd period - Aleksander Barkov is hit by Michal Kempny.
14:50 of 2nd period - Snap shot by Aleksander Barkov.
14:50 of 2nd period - Stopped by Sergei Bobrovsky with a rebound.
15:10 of 2nd period - Wrist shot by Anthony Duclair.
15:10 of 2nd period - Goal by Anthony Duclair - Kraken : 1 - Predators : 2.
15:11 of 2nd period - Mark Jankowski wins face-off versus Jordan Staal in neutral zone.
16:07 of 2nd period - Dominik Kahun is hit by Carl Soderberg and loses puck.
16:47 of 2nd period - Jaccob Slavin is hit by Sam Steel and loses puck.
17:06 of 2nd period - Michal Kempny is hit by Samuel Girard and loses puck.
17:38 of 2nd period - Wrist shot by Anthony Duclair.
17:38 of 2nd period - Deflect By William Nylander.
17:38 of 2nd period - Shot Misses the Net.
17:38 of 2nd period - Puck is out of play.
17:39 of 2nd period - Anthony Duclair wins face-off versus Alex DeBrincat in Kraken zone.
17:44 of 2nd period - Snap shot by Anthony Duclair.
17:44 of 2nd period - Stopped by Sergei Bobrovsky with a rebound.
17:52 of 2nd period - Wrist shot by Andrew Mangiapane.
17:52 of 2nd period - Shot Misses the Net.
17:54 of 2nd period - Snap shot by Alex DeBrincat.
17:54 of 2nd period - Shot Hit the Post.
18:23 of 2nd period - Wrist shot by Sam Steel.
18:23 of 2nd period - Stopped by Troy Grosenick without a rebound.
18:24 of 2nd period - Aleksander Barkov wins face-off versus Sam Steel in Predators zone.
18:39 of 2nd period - Slapshot by Jimmy Vesey.
18:39 of 2nd period - Stopped by Troy Grosenick without a rebound.
18:40 of 2nd period - Carl Soderberg wins face-off versus Jordan Staal in Predators zone.
18:55 of 2nd period - Slapshot by Alex DeBrincat.
18:55 of 2nd period - Shot Misses the Net.
19:05 of 2nd period - Adam Gaudette is hit by Aleksander Barkov and loses puck.
19:18 of 2nd period - Snap shot by Aleksander Barkov.
19:18 of 2nd period - Stopped by Sergei Bobrovsky without a rebound.
19:19 of 2nd period - Jordan Staal wins face-off versus Mark Jankowski in Kraken zone.
19:24 of 2nd period - Snap shot by Alex DeBrincat.
19:24 of 2nd period - Shot Blocked by Brendan Lemieux.
19:52 of 2nd period - Snap shot by Brayden Point.
19:52 of 2nd period - Shot Misses the Net.
Goals for this period are 0 for Kraken vs 1 for Predators.
Shots for this period are 19 for Kraken vs 10 for Predators.

3rd period


0:01 of 3rd period - Jordan Staal wins face-off versus Carl Soderberg in neutral zone.
0:08 of 3rd period - Slapshot by Alex DeBrincat.
0:08 of 3rd period - Shot Misses the Net.
0:25 of 3rd period - Jay Bouwmeester is hit by Conor Garland and loses puck.
0:38 of 3rd period - Snap shot by Conor Garland.
0:38 of 3rd period - Stopped by Troy Grosenick with a rebound.
0:57 of 3rd period - Snap shot by Josh Anderson.
0:57 of 3rd period - Shot Misses the Net.
0:59 of 3rd period - Slapshot by Jonathon Merrill.
0:59 of 3rd period - Shot Misses the Net.
1:13 of 3rd period - Wrist shot by Dominik Kahun.
1:13 of 3rd period - Shot Misses the Net.
1:15 of 3rd period - Slapshot by Calvin de Haan.
1:15 of 3rd period - Deflect By Roope Hintz.
1:15 of 3rd period - Deflect By Aleksander Barkov.
1:15 of 3rd period - Shot Misses the Net.
1:15 of 3rd period - Puck is out of play.
1:16 of 3rd period - Carl Soderberg wins face-off versus Roope Hintz in Predators zone.
1:31 of 3rd period - Wrist shot by Dominik Kahun.
1:31 of 3rd period - Stopped by Troy Grosenick with a rebound.
1:48 of 3rd period - Slapshot by Jordan Staal.
1:48 of 3rd period - Shot Blocked by Mark Jankowski.
2:04 of 3rd period - Wrist shot by Conor Garland.
2:04 of 3rd period - Stopped by Troy Grosenick with a rebound.
2:10 of 3rd period - Snap shot by Jeff Skinner.
2:10 of 3rd period - Shot Misses the Net.
2:12 of 3rd period - Slapshot by Chad Ruhwedel.
2:12 of 3rd period - Shot Misses the Net.
2:14 of 3rd period - Wrist shot by Conor Garland.
2:14 of 3rd period - Shot Misses the Net.
2:28 of 3rd period - Wrist shot by Roope Hintz.
2:28 of 3rd period - Stopped by Troy Grosenick without a rebound.
2:29 of 3rd period - Carl Soderberg wins face-off versus Roope Hintz in Predators zone.
3:37 of 3rd period - Carl Soderberg is hit by Josh Anderson and loses puck.
4:18 of 3rd period - Snap shot by Andrew Mangiapane.
4:18 of 3rd period - Shot Misses the Net.
4:20 of 3rd period - Snap shot by Jared Spurgeon.
4:20 of 3rd period - Stopped by Troy Grosenick with a rebound.
5:35 of 3rd period - Wrist shot by Brendan Lemieux.
5:35 of 3rd period - Shot Misses the Net.
5:37 of 3rd period - Wrist shot by Brendan Lemieux.
5:37 of 3rd period - Stopped by Sergei Bobrovsky with a rebound.
5:55 of 3rd period - Wrist shot by Aleksander Barkov.
5:55 of 3rd period - Stopped by Sergei Bobrovsky without a rebound.
5:56 of 3rd period - Alexander Kerfoot wins face-off versus Patrick Marleau in Kraken zone.
6:13 of 3rd period - Snap shot by Patrick Marleau.
6:13 of 3rd period - Shot Misses the Net.
7:10 of 3rd period - Slapshot by Colin Wilson.
7:10 of 3rd period - Shot Misses the Net.
7:26 of 3rd period - Slapshot by Vladislav Gavrikov.
7:26 of 3rd period - Stopped by Sergei Bobrovsky with a rebound.
7:32 of 3rd period - Patrick Marleau is hit by Conor Garland and loses puck.
7:49 of 3rd period - Wrist shot by Brendan Lemieux.
7:49 of 3rd period - Shot Misses the Net.
7:51 of 3rd period - Snap shot by Brendan Lemieux.
7:51 of 3rd period - Stopped by Sergei Bobrovsky with a rebound.
7:53 of 3rd period - Snap shot by Jay Bouwmeester.
7:53 of 3rd period - Stopped by Sergei Bobrovsky with a rebound.
8:25 of 3rd period - Jaccob Slavin is hit by Jared Spurgeon and loses puck.
8:52 of 3rd period - Snap shot by Matthew Nieto.
8:52 of 3rd period - Shot Misses the Net.
9:02 of 3rd period - Jaccob Slavin is hit by Calvin de Haan and loses puck.
10:22 of 3rd period - Snap shot by Colin Wilson.
10:22 of 3rd period - Stopped by Sergei Bobrovsky with a rebound.
10:37 of 3rd period - Icing by Josh Anderson.
10:38 of 3rd period - Aleksander Barkov wins face-off versus Sam Steel in Kraken zone.
11:01 of 3rd period - Wrist shot by Sam Steel.
11:01 of 3rd period - Stopped by Troy Grosenick with a rebound.
11:03 of 3rd period - Snap shot by Jimmy Vesey.
11:03 of 3rd period - Stopped by Troy Grosenick with a rebound.
11:05 of 3rd period - Slapshot by Jonathon Merrill.
11:05 of 3rd period - Stopped by Troy Grosenick with a rebound.
11:07 of 3rd period - Slapshot by Sam Steel.
11:07 of 3rd period - Goal by Sam Steel - Kraken : 2 - Predators : 2.
11:08 of 3rd period - Jordan Staal wins face-off versus William Nylander in neutral zone.
11:13 of 3rd period - Snap shot by Jordan Staal.
11:13 of 3rd period - Stopped by Troy Grosenick with a rebound.
11:15 of 3rd period - Snap shot by Andrew Mangiapane.
11:15 of 3rd period - Shot Blocked by Vladislav Gavrikov.
11:17 of 3rd period - Slapshot by Alex DeBrincat.
11:17 of 3rd period - Stopped by Troy Grosenick without a rebound.
11:18 of 3rd period - Carl Soderberg wins face-off versus Jordan Staal in Predators zone.
11:18 of 3rd period - Carl Soderberg is hit by Calvin de Haan.
11:47 of 3rd period - Minor Penalty to Matt Irwin for Hooking.
11:48 of 3rd period - Aleksander Barkov wins face-off versus Sam Steel in Kraken zone.
13:47 of 3rd period - Penalty to Matt Irwin is over, Matt Irwin is back on ice.
13:53 of 3rd period - Off-side.
13:54 of 3rd period - Mark Jankowski wins face-off versus Roope Hintz in neutral zone.
14:08 of 3rd period - Slapshot by Matthew Nieto.
14:08 of 3rd period - Deflect By Brendan Lemieux.
14:08 of 3rd period - Shot Misses the Net.
14:08 of 3rd period - Puck is out of play.
14:09 of 3rd period - Alexander Kerfoot wins face-off versus Jordan Weal in Kraken zone.
14:16 of 3rd period - Snap shot by Sven Baertschi.
14:16 of 3rd period - Shot Blocked by Michal Kempny.
14:18 of 3rd period - Snap shot by Sven Baertschi.
14:18 of 3rd period - Stopped by Sergei Bobrovsky without a rebound.
14:19 of 3rd period - Jordan Weal wins face-off versus Alexander Kerfoot in Kraken zone.
14:24 of 3rd period - Backhand shot by Sven Baertschi.
14:24 of 3rd period - Shot Misses the Net.
14:26 of 3rd period - Slapshot by Robert Bortuzzo.
14:26 of 3rd period - Shot Misses the Net.
14:28 of 3rd period - Slapshot by Robert Bortuzzo.
14:28 of 3rd period - Shot Misses the Net.
14:30 of 3rd period - Snap shot by Jordan Weal.
14:30 of 3rd period - Shot Misses the Net.
14:32 of 3rd period - Snap shot by Robert Bortuzzo.
14:32 of 3rd period - Shot Misses the Net.
15:02 of 3rd period - Wrist shot by Colin Wilson.
15:02 of 3rd period - Stopped by Sergei Bobrovsky with a rebound.
15:04 of 3rd period - Slapshot by Kevin Connauton.
15:04 of 3rd period - Shot Misses the Net.
15:12 of 3rd period - Snap shot by Colin Wilson.
15:12 of 3rd period - Shot Blocked by Jeff Skinner.
15:14 of 3rd period - Wrist shot by Sven Baertschi.
15:14 of 3rd period - Shot Misses the Net.
15:16 of 3rd period - Snap shot by Colin Wilson.
15:16 of 3rd period - Shot Blocked by Alexander Kerfoot.
15:18 of 3rd period - Wrist shot by Jordan Weal.
15:18 of 3rd period - Shot Misses the Net.
15:44 of 3rd period - Alexander Kerfoot is hit by Jordan Weal and loses puck.
16:23 of 3rd period - Snap shot by Sven Baertschi.
16:23 of 3rd period - Stopped by Sergei Bobrovsky with a rebound.
16:25 of 3rd period - Slapshot by Kevin Connauton.
16:25 of 3rd period - Shot Misses the Net.
16:27 of 3rd period - Slapshot by Robert Bortuzzo.
16:27 of 3rd period - Stopped by Sergei Bobrovsky with a rebound.
16:29 of 3rd period - Slapshot by Kevin Connauton.
16:29 of 3rd period - Stopped by Sergei Bobrovsky without a rebound.
16:30 of 3rd period - Jordan Staal wins face-off versus Mark Jankowski in Kraken zone.
16:30 of 3rd period - Jordan Staal is hit by Jay Bouwmeester.
16:56 of 3rd period - Matt Irwin is hit by Patrick Marleau and loses puck.
17:27 of 3rd period - Wrist shot by Carl Soderberg.
17:27 of 3rd period - Stopped by Sergei Bobrovsky without a rebound.
17:28 of 3rd period - Mark Jankowski wins face-off versus Jordan Staal in Kraken zone.
17:31 of 3rd period - Wrist shot by Matthew Nieto.
17:31 of 3rd period - Stopped by Sergei Bobrovsky with a rebound.
17:33 of 3rd period - Slapshot by Samuel Girard.
17:33 of 3rd period - Stopped by Sergei Bobrovsky without a rebound.
17:34 of 3rd period - Mark Jankowski wins face-off versus Andrew Mangiapane in Kraken zone.
17:49 of 3rd period - Snap shot by Andrew Mangiapane.
17:49 of 3rd period - Shot Misses the Net.
18:03 of 3rd period - Snap shot by Brendan Lemieux.
18:03 of 3rd period - Shot Misses the Net.
18:19 of 3rd period - Matthew Nieto is hit by Calvin de Haan and loses puck.
19:10 of 3rd period - Slapshot by Matthew Nieto.
19:10 of 3rd period - Deflect By Brendan Lemieux.
19:10 of 3rd period - Shot Misses the Net.
19:10 of 3rd period - Puck is out of play.
19:11 of 3rd period - Aleksander Barkov wins face-off versus Josh Anderson in Kraken zone.
19:12 of 3rd period - Wrist shot by Brayden Point.
19:12 of 3rd period - Shot Misses the Net.
19:29 of 3rd period - Minor Penalty to Adam Gaudette for Hooking.
19:30 of 3rd period - Aleksander Barkov wins face-off versus Sam Steel in Kraken zone.
Goals for this period are 1 for Kraken vs 0 for Predators.
Shots for this period are 11 for Kraken vs 14 for Predators.

Overtime #1


0:01 of 1st overtime period - Jordan Staal wins face-off versus Aleksander Barkov in neutral zone.
0:04 of 1st overtime period - Slapshot by Calvin de Haan.
0:04 of 1st overtime period - Stopped by Troy Grosenick without a rebound.
0:05 of 1st overtime period - Jordan Staal wins face-off versus Aleksander Barkov in Predators zone.
0:10 of 1st overtime period - Wrist shot by Jordan Staal.
0:10 of 1st overtime period - Shot Misses the Net.
0:40 of 1st overtime period - Slapshot by Anthony Duclair.
0:40 of 1st overtime period - Deflect By William Nylander.
0:40 of 1st overtime period - Goal by William Nylander - Kraken : 2 - Predators : 3.
Goals for this period are 0 for Kraken vs 1 for Predators.
Shots for this period are 1 for Kraken vs 1 for Predators.